MapleLeafs vs Flyers

Created - 9 février 2018 at 23:49

Goals
1 2 3 OT1 T
MapleLeafs 0 0 0 0 0
Flyers 0 0 0 1 1
Shots
1 2 3 OT1 T
MapleLeafs 11 6 7 0 24
Flyers 8 5 9 1 23

1st period

No Goal

Penalties :
Marc-Andre Fleury (TOR) for Slashing (Minor) at 0:28 - Nazem Kadri served the penalty., Alexander Killorn (PHI) for Hooking (Minor) at 11:12, Matt Benning (PHI) for Hooking (Minor) at 15:03

2nd period

No Goal

Penalties :
Jonathan Ericsson (PHI) for Holding (Minor) at 16:29, Tanner Glass (TOR) for Tripping (Minor) at 17:24

3rd period

No Goal

Penalties :
Jonathan Ericsson (PHI) for Tripping (Minor) at 7:32

Overtime #1

1. Flyers , Bo Horvat 13 (Thomas Vanek 19, Damon Severson 12) at 0:26

Penalties :
No Penalty

Goalie Stats

Marc-Andre Fleury (TOR), 22 saves from 23 shots - (0.957), OTL, 19-19-7, 60:27 minutes
Chad Johnson (PHI), 24 saves from 24 shots - (1.000), W, 5-10-1, 60:27 minutes

Players Stats for MapleLeafs

Player Name              G  A  P  +/- PIM S  H  SB GA TA FO     MP     PP MP  PK MP  
------------------------------------------------------------------------------------
Adam Erne                0  0  0   0  0   2  0  0  0  0  0/0    11:18   0:27   0:34 
Beau Bennett             0  0  0   0  0   4  1  0  0  0  1/4    16:30   3:27   0:00 
Brent Seabrook           0  0  0  -1  0   1  1  0  0  0  0/0    23:15   4:09   1:51 
Cody Franson             0  0  0   0  0   1  0  2  0  0  0/0    19:30   2:43   1:03 
Curtis Lazar             0  0  0   0  0   2  0  0  0  0  1/6    14:19   0:00   2:18 
Dmitry Kulikov           0  0  0   0  0   0  4  1  0  0  0/0    17:41   0:00   0:55 
Freddie Hamilton         0  0  0   0  0   1  1  0  0  0  7/12   13:02   0:27   0:00 
Frederick Gaudreau       0  0  0   0  0   4  0  1  0  0  0/0    17:26   2:41   0:00 
Karl Alzner              0  0  0   0  0   0  0  1  0  0  0/0    22:14   4:09   1:17 
Marek Hrivik             0  0  0   0  0   0  2  0  0  0  0/0    12:01   0:00   0:00 
Mikkel Boedker           0  0  0  -1  0   2  1  3  0  0  0/0    18:57   3:34   1:23 
Nazem Kadri              0  0  0  -1  0   0  6  1  0  0  7/17   25:04   3:34   0:00 
Peter Holland            0  0  0   0  0   3  0  0  0  0  9/20   17:37   2:51   0:57 
Sam Henley               0  0  0   0  0   2  0  0  0  0  2/4     4:05   0:44   0:00 
Scott Laughton           0  0  0   0  0   0  1  0  0  0  4/8    10:17   0:00   0:00 
Tanner Glass             0  0  0   0  2   1  2  0  0  0  0/0    17:15   2:50   0:36 
Travis Hamonic           0  0  0   0  0   1  4  1  0  0  0/0    20:05   2:43   0:42 
Zach Bogosian            0  0  0   0  0   0  3  2  0  0  0/0    16:46   0:00   0:00 

Players Stats for Flyers

Player Name              G  A  P  +/- PIM S  H  SB GA TA FO     MP     PP MP  PK MP  
------------------------------------------------------------------------------------
Alexander Killorn        0  0  0   0  2   1  2  2  0  0  5/13   15:39   0:01   2:10 
Andre Burakovsky         0  0  0   0  0   4  0  0  0  0  1/1    16:49   0:45   0:03 
Andrew MacDonald         0  0  0   0  0   1  1  0  0  0  0/0    21:40   0:00   3:53 
Ben Hutton               0  0  0   0  0   1  2  0  0  0  0/0    20:32   0:33   2:57 
Bo Horvat                1  0  1   1  0   1  0  0  0  0  10/19  18:17   0:45   0:00 
Calle Jarnkrok           0  0  0   0  0   2  0  1  0  0  4/6    15:17   2:09   2:36 
Casey Cizikas            0  0  0   0  0   1  1  0  0  0  8/12   16:30   2:09   3:49 
Damon Severson           0  1  1   1  0   0  1  0  0  0  0/0    22:46   1:17   3:26 
Joel Ward                0  0  0   0  0   1  0  0  0  0  0/0    13:05   0:00   2:33 
Jonathan Ericsson        0  0  0   0  4   1  1  0  0  0  0/0    18:13   1:37   1:52 
Jori Lehtera             0  0  0   0  0   2  0  0  0  0  6/9     9:08   0:00   0:00 
Josh Ho-Sang             0  0  0   0  0   0  1  0  0  0  0/1    13:29   0:00   0:00 
Kyle Brodziak            0  0  0   0  0   1  1  1  0  0  4/6    11:41   0:00   2:33 
Matt Benning             0  0  0   0  2   2  1  0  0  0  0/0    20:08   1:37   1:30 
Riley Sheahan            0  0  0   0  0   0  0  0  0  0  1/1     9:08   0:00   0:00 
Scott Hartnell           0  0  0   0  0   3  2  0  0  0  1/3    15:38   2:09   0:00 
Thomas Vanek             0  1  1   1  0   2  0  0  0  0  0/0    18:16   0:44   0:00 
Troy Stecher             0  0  0   0  0   0  0  0  0  0  0/0    17:05   0:44   0:06 

3 Stars

1 - Chad Johnson (PHI)
2 - Bo Horvat (PHI)
3 - Marc-Andre Fleury (TOR)

Power Play

MapleLeafs - 0 on 4 Attempt(s) - 0.00%
Flyers - 0 on 2 Attempt(s) - 0.00%

Penalty Kill

MapleLeafs - 2 on 2 Attempt(s) - 100.00% - Score 0 goal in Penalty Kill
Flyers - 4 on 4 Attempt(s) - 100.00% - Score 0 goal in Penalty Kill

Team Stat

MapleLeafs - Hits : 26 - Faceoff Wins : 31 - Blocked Shots : 12 - Penalty Minutes : 4
Flyers - Hits : 13 - Faceoff Wins : 40 - Blocked Shots : 4 - Penalty Minutes : 8

Official

Referees : Francis Charron and Evgeny Romasko
Linesman : Tony Sericolo and Ryan Gibbons

Game Notes

No Game Note

Finance

Level 1 -- Attendance: 6500 (100.00%) -- Ticket Income 715 000 $
Level 2 -- Attendance: 4396 (87.92%) -- Ticket Income 360 472 $
Level 3 -- Attendance: 3247 (92.77%) -- Ticket Income 204 561 $
Level 4 -- Attendance: 2770 (78.31%) -- Ticket Income 55 400 $
Luxury Box -- Attendance: 926 (92.60%) -- Ticket Income 208 350 $
Game was played at the Wells Fargo Center.
Total Attendance: 17839 (91.31%)
Total Ticket Income: 1 543 783 $
Other Income: 231 567 $
Total Income: 1 775 350 $

% Time on Ice - MapleLeafs

Lines # - Real PCT - Wanted PCT - Time Play
Normal Forward
1 - 27% - 40% - 13:03
2 - 28% - 30% - 13:49
3 - 24% - 20% - 12:01
4 - 21% - 10% - 10:17
Normal Defense
1 - 33% - 40% - 16:18
2 - 33% - 30% - 16:06
3 - 34% - 20% - 16:46
4 - 0% - 10% - 0:00
PP Forward
1 - 52% - 60% - 3:34
2 - 48% - 40% - 3:18
PP Defense
1 - 60% - 60% - 4:09
2 - 40% - 40% - 2:43
PK Forward
1 - 67% - 60% - 1:57
2 - 33% - 40% - 0:57
PK Defense
1 - 64% - 60% - 1:51
2 - 36% - 40% - 1:03
PK3 Forward
1 - 0% - 60%
2 - 0% - 40%
PK3 Defense
1 - 0% - 60%
2 - 0% - 40%
44 Forward
1 - 100% - 60% - 1:04
2 - 0% - 40% - 0:00
44 Defense
1 - 47% - 60% - 0:30
2 - 53% - 40% - 0:34
Last Minute Offensive  - 0:00
Last Minute Defensive  - 0:00
Total
Forward - 60:00
Defense - 60:00

% Time on Ice - Flyers

Lines # - Real PCT - Wanted PCT - Time Play
Normal Forward
1 - 33% - 35% - 16:01
2 - 27% - 30% - 13:29
3 - 21% - 23% - 10:32
4 - 19% - 12% - 9:08
Normal Defense
1 - 35% - 42% - 17:22
2 - 35% - 34% - 17:02
3 - 30% - 24% - 14:32
4 - 0% - 0% - 0:14
PP Forward
1 - 26% - 60% - 0:45
2 - 74% - 40% - 2:09
PP Defense
1 - 44% - 60% - 1:17
2 - 56% - 40% - 1:37
PK Forward
1 - 63% - 60% - 4:19
2 - 37% - 40% - 2:33
PK Defense
1 - 49% - 50% - 3:23
2 - 51% - 50% - 3:29
PK3 Forward
1 - 0% - 60%
2 - 0% - 40%
PK3 Defense
1 - 0% - 60%
2 - 0% - 40%
44 Forward
1 - 100% - 60% - 1:04
2 - 0% - 40% - 0:00
44 Defense
1 - 100% - 60% - 1:04
2 - 0% - 40% - 0:00
Last Minute Offensive  - 0:00
Last Minute Defensive  - 0:00
Total
Forward - 60:00
Defense - 60:00

Play by Play

1st period


0:01 of 1st period - Nazem Kadri wins face-off versus Bo Horvat in neutral zone.
0:28 of 1st period - Shot by Andre Burakovsky.
0:28 of 1st period - Deflect By Thomas Vanek.
0:28 of 1st period - Stopped by Marc-Andre Fleury without a rebound.
0:28 of 1st period - Minor Penalty to Marc-Andre Fleury for Slashing.
0:29 of 1st period - Calle Jarnkrok wins face-off versus Curtis Lazar in MapleLeafs zone.
1:26 of 1st period - Shot by Andre Burakovsky.
1:26 of 1st period - Stopped by Marc-Andre Fleury without a rebound.
1:27 of 1st period - Curtis Lazar wins face-off versus Bo Horvat in MapleLeafs zone.
1:33 of 1st period - Icing by Bo Horvat.
1:34 of 1st period - Bo Horvat wins face-off versus Curtis Lazar in Flyers zone.
1:46 of 1st period - Off-side.
1:47 of 1st period - Calle Jarnkrok wins face-off versus Curtis Lazar in neutral zone.
1:50 of 1st period - Karl Alzner is hit by Casey Cizikas and loses puck.
2:39 of 1st period - Shot by Travis Hamonic.
2:39 of 1st period - Shot Misses the Net.
2:41 of 1st period - Shot by Frederick Gaudreau.
2:41 of 1st period - Deflect By Peter Holland.
2:41 of 1st period - Stopped by Chad Johnson without a rebound.
2:42 of 1st period - Scott Laughton wins face-off versus Bo Horvat in Flyers zone.
2:53 of 1st period - Shot by Thomas Vanek.
2:53 of 1st period - Shot Blocked by Dmitry Kulikov.
2:55 of 1st period - Shot by Jonathan Ericsson.
2:55 of 1st period - Stopped by Marc-Andre Fleury with a rebound.
2:57 of 1st period - Shot by Troy Stecher.
2:57 of 1st period - Shot Misses the Net.
3:18 of 1st period - Off-side.
3:19 of 1st period - Peter Holland wins face-off versus Jori Lehtera in neutral zone.
3:27 of 1st period - Off-side.
3:28 of 1st period - Alexander Killorn wins face-off versus Peter Holland in neutral zone.
3:42 of 1st period - Shot by Tanner Glass.
3:42 of 1st period - Shot Misses the Net.
3:44 of 1st period - Shot by Frederick Gaudreau.
3:44 of 1st period - Stopped by Chad Johnson with a rebound.
3:46 of 1st period - Shot by Frederick Gaudreau.
3:46 of 1st period - Shot Misses the Net.
3:58 of 1st period - Cody Franson is hit by Alexander Killorn and loses puck.
5:03 of 1st period - Shot by Nazem Kadri.
5:03 of 1st period - Deflect By Beau Bennett.
5:03 of 1st period - Shot Blocked by Alexander Killorn.
5:11 of 1st period - Shot by Beau Bennett.
5:11 of 1st period - Stopped by Chad Johnson with a rebound.
5:41 of 1st period - Shot by Adam Erne.
5:41 of 1st period - Stopped by Chad Johnson without a rebound.
5:42 of 1st period - Casey Cizikas wins face-off versus Peter Holland in Flyers zone.
5:55 of 1st period - Shot by Tanner Glass.
5:55 of 1st period - Stopped by Chad Johnson without a rebound.
5:56 of 1st period - Bo Horvat wins face-off versus Scott Laughton in Flyers zone.
5:56 of 1st period - Thomas Vanek is hit by Nazem Kadri and loses puck.
7:17 of 1st period - Shot by Frederick Gaudreau.
7:17 of 1st period - Stopped by Chad Johnson without a rebound.
7:18 of 1st period - Jori Lehtera wins face-off versus Curtis Lazar in Flyers zone.
8:24 of 1st period - Icing by Brent Seabrook.
8:25 of 1st period - Casey Cizikas wins face-off versus Peter Holland in MapleLeafs zone.
8:28 of 1st period - Shot by Calle Jarnkrok.
8:28 of 1st period - Stopped by Marc-Andre Fleury with a rebound.
8:31 of 1st period - Icing by Brent Seabrook.
8:32 of 1st period - Peter Holland wins face-off versus Calle Jarnkrok in MapleLeafs zone.
8:51 of 1st period - Shot by Peter Holland.
8:51 of 1st period - Stopped by Chad Johnson without a rebound.
8:52 of 1st period - Bo Horvat wins face-off versus Nazem Kadri in Flyers zone.
8:52 of 1st period - Bo Horvat is hit by Nazem Kadri.
9:04 of 1st period - Shot by Andre Burakovsky.
9:04 of 1st period - Stopped by Marc-Andre Fleury without a rebound.
9:05 of 1st period - Jori Lehtera wins face-off versus Scott Laughton in MapleLeafs zone.
9:10 of 1st period - Shot by Jori Lehtera.
9:10 of 1st period - Stopped by Marc-Andre Fleury with a rebound.
9:30 of 1st period - Shot by Jori Lehtera.
9:30 of 1st period - Shot Misses the Net.
9:32 of 1st period - Shot by Riley Sheahan.
9:32 of 1st period - Shot Misses the Net.
9:34 of 1st period - Shot by Ben Hutton.
9:34 of 1st period - Shot Blocked by Karl Alzner.
9:36 of 1st period - Shot by Ben Hutton.
9:36 of 1st period - Shot Misses the Net.
10:38 of 1st period - Off-side.
10:39 of 1st period - Freddie Hamilton wins face-off versus Alexander Killorn in neutral zone.
10:52 of 1st period - Josh Ho-Sang is hit by Marek Hrivik and loses puck.
11:00 of 1st period - Curtis Lazar is hit by Damon Severson and loses puck.
11:12 of 1st period - Minor Penalty to Alexander Killorn for Hooking.
11:13 of 1st period - Nazem Kadri wins face-off versus Kyle Brodziak in Flyers zone.
12:06 of 1st period - Shot by Peter Holland.
12:06 of 1st period - Shot Misses the Net.
12:14 of 1st period - Shot by Frederick Gaudreau.
12:14 of 1st period - Stopped by Chad Johnson with a rebound.
12:16 of 1st period - Shot by Travis Hamonic.
12:16 of 1st period - Stopped by Chad Johnson with a rebound.
12:49 of 1st period - Off-side.
12:50 of 1st period - Calle Jarnkrok wins face-off versus Peter Holland in neutral zone.
14:18 of 1st period - Icing by Bo Horvat.
14:19 of 1st period - Bo Horvat wins face-off versus Sam Henley in Flyers zone.
14:19 of 1st period - Bo Horvat is hit by Mikkel Boedker.
14:28 of 1st period - Thomas Vanek is hit by Travis Hamonic and loses puck.
14:38 of 1st period - Bo Horvat is hit by Travis Hamonic.
14:56 of 1st period - Icing by Matt Benning.
14:57 of 1st period - Freddie Hamilton wins face-off versus Casey Cizikas in Flyers zone.
15:03 of 1st period - Minor Penalty to Matt Benning for Hooking.
15:04 of 1st period - Kyle Brodziak wins face-off versus Peter Holland in Flyers zone.
16:12 of 1st period - Shot by Mikkel Boedker.
16:12 of 1st period - Stopped by Chad Johnson without a rebound.
16:13 of 1st period - Kyle Brodziak wins face-off versus Nazem Kadri in Flyers zone.
16:28 of 1st period - Shot by Travis Hamonic.
16:28 of 1st period - Shot Blocked by Alexander Killorn.
16:38 of 1st period - Shot by Mikkel Boedker.
16:38 of 1st period - Stopped by Chad Johnson without a rebound.
16:39 of 1st period - Alexander Killorn wins face-off versus Peter Holland in Flyers zone.
16:52 of 1st period - Shot by Karl Alzner.
16:52 of 1st period - Shot Misses the Net.
16:54 of 1st period - Shot by Karl Alzner.
16:54 of 1st period - Shot Misses the Net.
17:17 of 1st period - Shot by Bo Horvat.
17:17 of 1st period - Shot Blocked by Zach Bogosian.
17:19 of 1st period - Shot by Thomas Vanek.
17:19 of 1st period - Stopped by Marc-Andre Fleury without a rebound.
17:20 of 1st period - Scott Laughton wins face-off versus Alexander Killorn in MapleLeafs zone.
17:20 of 1st period - Nazem Kadri is hit by Scott Hartnell and loses puck.
17:58 of 1st period - Icing by Zach Bogosian.
17:59 of 1st period - Nazem Kadri wins face-off versus Bo Horvat in MapleLeafs zone.
18:01 of 1st period - Icing by Dmitry Kulikov.
18:02 of 1st period - Andre Burakovsky wins face-off versus Scott Laughton in MapleLeafs zone.
18:08 of 1st period - Bo Horvat is hit by Dmitry Kulikov and loses puck.
18:31 of 1st period - Bo Horvat is hit by Dmitry Kulikov.
18:48 of 1st period - Casey Cizikas is hit by Dmitry Kulikov and loses puck.
19:05 of 1st period - Andrew MacDonald is hit by Nazem Kadri.
19:34 of 1st period - Shot by Josh Ho-Sang.
19:34 of 1st period - Shot Misses the Net.
19:46 of 1st period - Shot by Alexander Killorn.
19:46 of 1st period - Stopped by Marc-Andre Fleury without a rebound.
19:47 of 1st period - Peter Holland wins face-off versus Jori Lehtera in MapleLeafs zone.
Goals for this period are 0 for MapleLeafs vs 0 for Flyers.
Shots for this period are 11 for MapleLeafs vs 8 for Flyers.

2nd period


0:01 of 2nd period - Bo Horvat wins face-off versus Nazem Kadri in neutral zone.
0:01 of 2nd period - Andre Burakovsky is hit by Nazem Kadri.
0:35 of 2nd period - Thomas Vanek is hit by Beau Bennett and loses puck.
1:15 of 2nd period - Shot by Casey Cizikas.
1:15 of 2nd period - Stopped by Marc-Andre Fleury with a rebound.
1:56 of 2nd period - Icing by Cody Franson.
1:57 of 2nd period - Riley Sheahan wins face-off versus Peter Holland in MapleLeafs zone.
3:37 of 2nd period - Beau Bennett is hit by Ben Hutton and loses puck.
3:42 of 2nd period - Shot by Beau Bennett.
3:42 of 2nd period - Stopped by Chad Johnson with a rebound.
3:44 of 2nd period - Shot by Sam Henley.
3:44 of 2nd period - Stopped by Chad Johnson with a rebound.
3:46 of 2nd period - Shot by Sam Henley.
3:46 of 2nd period - Stopped by Chad Johnson without a rebound.
3:47 of 2nd period - Freddie Hamilton wins face-off versus Calle Jarnkrok in Flyers zone.
4:07 of 2nd period - Shot by Freddie Hamilton.
4:07 of 2nd period - Shot Blocked by Calle Jarnkrok.
4:12 of 2nd period - Freddie Hamilton is hit by Jonathan Ericsson and loses puck.
4:15 of 2nd period - Shot by Marek Hrivik.
4:15 of 2nd period - Deflect By Freddie Hamilton.
4:15 of 2nd period - Stopped by Chad Johnson without a rebound.
4:16 of 2nd period - Scott Hartnell wins face-off versus Peter Holland in Flyers zone.
4:16 of 2nd period - Scott Hartnell is hit by Tanner Glass.
4:22 of 2nd period - Brent Seabrook is hit by Josh Ho-Sang.
4:43 of 2nd period - Andrew MacDonald is hit by Tanner Glass and loses puck.
4:55 of 2nd period - Off-side.
4:56 of 2nd period - Jori Lehtera wins face-off versus Nazem Kadri in neutral zone.
5:40 of 2nd period - Icing by Mikkel Boedker.
5:41 of 2nd period - Bo Horvat wins face-off versus Nazem Kadri in MapleLeafs zone.
6:53 of 2nd period - Off-side.
6:54 of 2nd period - Freddie Hamilton wins face-off versus Scott Hartnell in neutral zone.
7:27 of 2nd period - Shot by Alexander Killorn.
7:27 of 2nd period - Shot Misses the Net.
8:20 of 2nd period - Shot by Andre Burakovsky.
8:20 of 2nd period - Shot Misses the Net.
8:30 of 2nd period - Shot by Thomas Vanek.
8:30 of 2nd period - Shot Misses the Net.
8:32 of 2nd period - Shot by Andre Burakovsky.
8:32 of 2nd period - Stopped by Marc-Andre Fleury without a rebound.
8:33 of 2nd period - Casey Cizikas wins face-off versus Peter Holland in MapleLeafs zone.
9:24 of 2nd period - Thomas Vanek is hit by Nazem Kadri and loses puck.
10:13 of 2nd period - Icing by Ben Hutton.
10:14 of 2nd period - Sam Henley wins face-off versus Alexander Killorn in Flyers zone.
10:30 of 2nd period - Alexander Killorn is hit by Brent Seabrook and loses puck.
10:43 of 2nd period - Shot by Scott Hartnell.
10:43 of 2nd period - Shot Misses the Net.
10:45 of 2nd period - Shot by Matt Benning.
10:45 of 2nd period - Stopped by Marc-Andre Fleury without a rebound.
10:46 of 2nd period - Casey Cizikas wins face-off versus Peter Holland in MapleLeafs zone.
11:01 of 2nd period - Shot by Joel Ward.
11:01 of 2nd period - Shot Blocked by Cody Franson.
11:53 of 2nd period - Jori Lehtera is hit by Travis Hamonic and loses puck.
12:49 of 2nd period - Shot by Beau Bennett.
12:49 of 2nd period - Stopped by Chad Johnson without a rebound.
12:50 of 2nd period - Alexander Killorn wins face-off versus Freddie Hamilton in Flyers zone.
12:50 of 2nd period - Damon Severson is hit by Freddie Hamilton and loses puck.
13:01 of 2nd period - Shot by Marek Hrivik.
13:01 of 2nd period - Shot Misses the Net.
13:16 of 2nd period - Damon Severson is hit by Zach Bogosian and loses puck.
15:07 of 2nd period - Sam Henley is hit by Kyle Brodziak and loses puck.
15:30 of 2nd period - Freddie Hamilton is hit by Matt Benning and loses puck.
15:33 of 2nd period - Shot by Marek Hrivik.
15:33 of 2nd period - Shot Blocked by Kyle Brodziak.
15:44 of 2nd period - Marek Hrivik is hit by Ben Hutton.
15:59 of 2nd period - Icing by Frederick Gaudreau.
16:00 of 2nd period - Bo Horvat wins face-off versus Freddie Hamilton in MapleLeafs zone.
16:20 of 2nd period - Off-side.
16:21 of 2nd period - Scott Laughton wins face-off versus Scott Hartnell in neutral zone.
16:25 of 2nd period - Icing by Troy Stecher.
16:26 of 2nd period - Beau Bennett wins face-off versus Alexander Killorn in Flyers zone.
16:27 of 2nd period - Shot by Mikkel Boedker.
16:27 of 2nd period - Shot Misses the Net.
16:29 of 2nd period - Shot by Beau Bennett.
16:29 of 2nd period - Stopped by Chad Johnson without a rebound.
16:29 of 2nd period - Minor Penalty to Jonathan Ericsson for Holding.
16:30 of 2nd period - Casey Cizikas wins face-off versus Nazem Kadri in Flyers zone.
17:24 of 2nd period - Minor Penalty to Tanner Glass for Tripping.
17:25 of 2nd period - Sam Henley wins face-off versus Bo Horvat in MapleLeafs zone.
18:18 of 2nd period - Andrew MacDonald is hit by Nazem Kadri and loses puck.
18:47 of 2nd period - Shot by Casey Cizikas.
18:47 of 2nd period - Shot Misses the Net.
18:49 of 2nd period - Shot by Matt Benning.
18:49 of 2nd period - Stopped by Marc-Andre Fleury without a rebound.
18:50 of 2nd period - Calle Jarnkrok wins face-off versus Curtis Lazar in MapleLeafs zone.
19:12 of 2nd period - Calle Jarnkrok is hit by Dmitry Kulikov and loses puck.
19:37 of 2nd period - Shot by Jori Lehtera.
19:37 of 2nd period - Stopped by Marc-Andre Fleury without a rebound.
19:38 of 2nd period - Nazem Kadri wins face-off versus Jori Lehtera in MapleLeafs zone.
Goals for this period are 0 for MapleLeafs vs 0 for Flyers.
Shots for this period are 6 for MapleLeafs vs 5 for Flyers.

3rd period


0:01 of 3rd period - Bo Horvat wins face-off versus Nazem Kadri in neutral zone.
0:19 of 3rd period - Shot by Andrew MacDonald.
0:19 of 3rd period - Shot Misses the Net.
0:23 of 3rd period - Shot by Thomas Vanek.
0:23 of 3rd period - Deflect By Bo Horvat.
0:23 of 3rd period - Shot Blocked by Mikkel Boedker.
0:29 of 3rd period - Shot by Andre Burakovsky.
0:29 of 3rd period - Stopped by Marc-Andre Fleury with a rebound.
1:07 of 3rd period - Shot by Scott Hartnell.
1:07 of 3rd period - Shot Blocked by Travis Hamonic.
1:13 of 3rd period - Shot by Scott Hartnell.
1:13 of 3rd period - Stopped by Marc-Andre Fleury without a rebound.
1:14 of 3rd period - Freddie Hamilton wins face-off versus Casey Cizikas in MapleLeafs zone.
1:27 of 3rd period - Shot by Curtis Lazar.
1:27 of 3rd period - Stopped by Chad Johnson without a rebound.
1:28 of 3rd period - Jori Lehtera wins face-off versus Scott Laughton in Flyers zone.
1:28 of 3rd period - Jori Lehtera is hit by Scott Laughton.
2:18 of 3rd period - Icing by Brent Seabrook.
2:19 of 3rd period - Peter Holland wins face-off versus Bo Horvat in MapleLeafs zone.
2:26 of 3rd period - Shot by Frederick Gaudreau.
2:26 of 3rd period - Shot Misses the Net.
3:14 of 3rd period - Shot by Scott Hartnell.
3:14 of 3rd period - Stopped by Marc-Andre Fleury with a rebound.
3:16 of 3rd period - Shot by Scott Hartnell.
3:16 of 3rd period - Stopped by Marc-Andre Fleury with a rebound.
3:18 of 3rd period - Shot by Jonathan Ericsson.
3:18 of 3rd period - Shot Blocked by Zach Bogosian.
3:36 of 3rd period - Icing by Scott Hartnell.
3:37 of 3rd period - Nazem Kadri wins face-off versus Alexander Killorn in Flyers zone.
3:43 of 3rd period - Icing by Alexander Killorn.
3:44 of 3rd period - Nazem Kadri wins face-off versus Alexander Killorn in Flyers zone.
4:01 of 3rd period - Travis Hamonic is hit by Alexander Killorn and loses puck.
4:13 of 3rd period - Beau Bennett is hit by Andrew MacDonald.
4:30 of 3rd period - Shot by Calle Jarnkrok.
4:30 of 3rd period - Shot Misses the Net.
5:52 of 3rd period - Shot by Brent Seabrook.
5:52 of 3rd period - Shot Misses the Net.
6:21 of 3rd period - Shot by Marek Hrivik.
6:21 of 3rd period - Shot Misses the Net.
6:25 of 3rd period - Shot by Dmitry Kulikov.
6:25 of 3rd period - Shot Misses the Net.
6:27 of 3rd period - Shot by Curtis Lazar.
6:27 of 3rd period - Stopped by Chad Johnson without a rebound.
6:28 of 3rd period - Scott Laughton wins face-off versus Josh Ho-Sang in Flyers zone.
6:37 of 3rd period - Shot by Adam Erne.
6:37 of 3rd period - Stopped by Chad Johnson without a rebound.
6:38 of 3rd period - Jori Lehtera wins face-off versus Peter Holland in Flyers zone.
7:30 of 3rd period - Riley Sheahan is hit by Marek Hrivik and loses puck.
7:32 of 3rd period - Minor Penalty to Jonathan Ericsson for Tripping.
7:33 of 3rd period - Nazem Kadri wins face-off versus Alexander Killorn in Flyers zone.
8:02 of 3rd period - Shot by Brent Seabrook.
8:02 of 3rd period - Stopped by Chad Johnson without a rebound.
8:03 of 3rd period - Peter Holland wins face-off versus Kyle Brodziak in Flyers zone.
8:28 of 3rd period - Shot by Cody Franson.
8:28 of 3rd period - Shot Misses the Net.
8:30 of 3rd period - Shot by Cody Franson.
8:30 of 3rd period - Stopped by Chad Johnson without a rebound.
8:31 of 3rd period - Kyle Brodziak wins face-off versus Sam Henley in Flyers zone.
9:27 of 3rd period - Icing by Travis Hamonic.
9:28 of 3rd period - Kyle Brodziak wins face-off versus Freddie Hamilton in MapleLeafs zone.
9:28 of 3rd period - Alexander Killorn is hit by Travis Hamonic.
9:55 of 3rd period - Bo Horvat is hit by Zach Bogosian and loses puck.
10:10 of 3rd period - Icing by Bo Horvat.
10:11 of 3rd period - Peter Holland wins face-off versus Bo Horvat in Flyers zone.
10:12 of 3rd period - Shot by Frederick Gaudreau.
10:12 of 3rd period - Stopped by Chad Johnson without a rebound.
10:13 of 3rd period - Peter Holland wins face-off versus Alexander Killorn in Flyers zone.
10:35 of 3rd period - Shot by Scott Hartnell.
10:35 of 3rd period - Shot Blocked by Frederick Gaudreau.
10:37 of 3rd period - Shot by Ben Hutton.
10:37 of 3rd period - Stopped by Marc-Andre Fleury without a rebound.
10:38 of 3rd period - Jori Lehtera wins face-off versus Nazem Kadri in MapleLeafs zone.
10:41 of 3rd period - Shot by Kyle Brodziak.
10:41 of 3rd period - Stopped by Marc-Andre Fleury without a rebound.
10:42 of 3rd period - Casey Cizikas wins face-off versus Beau Bennett in MapleLeafs zone.
10:57 of 3rd period - Shot by Joel Ward.
10:57 of 3rd period - Shot Blocked by Cody Franson.
10:59 of 3rd period - Shot by Casey Cizikas.
10:59 of 3rd period - Shot Blocked by Mikkel Boedker.
11:01 of 3rd period - Shot by Andrew MacDonald.
11:01 of 3rd period - Stopped by Marc-Andre Fleury with a rebound.
11:03 of 3rd period - Shot by Casey Cizikas.
11:03 of 3rd period - Shot Misses the Net.
11:11 of 3rd period - Shot by Joel Ward.
11:11 of 3rd period - Shot Misses the Net.
11:13 of 3rd period - Shot by Calle Jarnkrok.
11:13 of 3rd period - Stopped by Marc-Andre Fleury with a rebound.
11:15 of 3rd period - Shot by Calle Jarnkrok.
11:15 of 3rd period - Shot Misses the Net.
11:17 of 3rd period - Shot by Casey Cizikas.
11:17 of 3rd period - Deflect By Joel Ward.
11:17 of 3rd period - Shot Misses the Net.
12:10 of 3rd period - Tanner Glass is hit by Scott Hartnell and loses puck.
13:02 of 3rd period - Icing by Dmitry Kulikov.
13:03 of 3rd period - Casey Cizikas wins face-off versus Freddie Hamilton in MapleLeafs zone.
13:03 of 3rd period - Joel Ward is hit by Zach Bogosian and loses puck.
13:16 of 3rd period - Shot by Joel Ward.
13:16 of 3rd period - Shot Misses the Net.
13:21 of 3rd period - Icing by Dmitry Kulikov.
13:22 of 3rd period - Freddie Hamilton wins face-off versus Bo Horvat in MapleLeafs zone.
14:29 of 3rd period - Icing by Jonathan Ericsson.
14:30 of 3rd period - Casey Cizikas wins face-off versus Nazem Kadri in Flyers zone.
14:41 of 3rd period - Icing by Brent Seabrook.
14:42 of 3rd period - Alexander Killorn wins face-off versus Beau Bennett in MapleLeafs zone.
15:55 of 3rd period - Shot by Peter Holland.
15:55 of 3rd period - Stopped by Chad Johnson with a rebound.
16:14 of 3rd period - Icing by Travis Hamonic.
16:15 of 3rd period - Peter Holland wins face-off versus Casey Cizikas in MapleLeafs zone.
16:36 of 3rd period - Icing by Marek Hrivik.
16:37 of 3rd period - Alexander Killorn wins face-off versus Freddie Hamilton in MapleLeafs zone.
17:48 of 3rd period - Shot by Joel Ward.
17:48 of 3rd period - The goal is going for a video replay.
17:48 of 3rd period - The goal is refused.
17:49 of 3rd period - Bo Horvat wins face-off versus Beau Bennett in MapleLeafs zone.
18:36 of 3rd period - Icing by Andrew MacDonald.
18:37 of 3rd period - Peter Holland wins face-off versus Bo Horvat in Flyers zone.
18:38 of 3rd period - Shot by Frederick Gaudreau.
18:38 of 3rd period - Shot Misses the Net.
19:52 of 3rd period - Icing by Troy Stecher.
19:53 of 3rd period - Freddie Hamilton wins face-off versus Casey Cizikas in Flyers zone.
Goals for this period are 0 for MapleLeafs vs 0 for Flyers.
Shots for this period are 7 for MapleLeafs vs 9 for Flyers.

Overtime #1


0:01 of 1st overtime period - Bo Horvat wins face-off versus Nazem Kadri in neutral zone.
0:08 of 1st overtime period - Shot by Thomas Vanek.
0:08 of 1st overtime period - Shot Misses the Net.
0:18 of 1st overtime period - Shot by Bo Horvat.
0:18 of 1st overtime period - Shot Blocked by Nazem Kadri.
0:24 of 1st overtime period - Shot by Thomas Vanek.
0:24 of 1st overtime period - Shot Blocked by Mikkel Boedker.
0:26 of 1st overtime period - Shot by Bo Horvat.
0:26 of 1st overtime period - Goal by Bo Horvat - MapleLeafs : 0 - Flyers : 1.
Goals for this period are 0 for MapleLeafs vs 1 for Flyers.
Shots for this period are 0 for MapleLeafs vs 1 for Flyers.